Map: Arctic Dream LE

Players

CrafChipmunk

  • Race: Zerg Zerg
  • League: Gold
  • Spawn Location: 5:00

KAMACI

  • Race: Terran Terran
  • Spawn Location: 6:00

qqq - Winner!

  • Race: Zerg Zerg
  • League: Platinum
  • Spawn Location: 11:00

Massa - Winner!

  • Race: Terran Terran
  • League: Gold
  • Spawn Location: 12:00

VOD

Have the link to the VOD?

Description

Time

  • Played on: May 26, 2020, 3:12 p.m.
  • Length: 9:15
Show
View Real Time Build Order
Export as new Build Order

CrafChipmunk Zerg 

Build Orders: Pool First 

Get SALT Encoding   

  12  0:17  Spawning Pool  
  11  0:22  Drone  
  11  0:26  Extractor  
  11  0:29  Drone  
  12  0:39  Overlord  
  12  0:44  Drone  
  12  0:49  Drone  
  14  1:04  Queen  
  14  1:09  Drone  
  17  1:14  Zergling x2  
  18  1:24  Zergling x2  
  19  1:26  Drone  
  20  1:37  Overlord  
  20  1:43  Metabolic Boost  
  20  1:51  Zergling x2  
  21  1:58  Zergling x2  
  22  2:14  Hatchery  
  21  2:16  Zergling x2  
  21  2:20  Zergling x2  
  23  2:24  Zergling x2  
  23  2:28  Zergling x2  
  25  2:36  Zergling x2  
  26  2:47  Zergling x8  
  30  2:59  Overlord  
  30  3:07  Zergling x2  
  25  3:16  Zergling x2  
  26  3:28  Zergling x4  
  27  3:37  Zergling x2  
  27  3:38  Zergling x2  
  22  4:07  Drone x2  
  25  4:10  Drone  
  25  4:11  Queen, Baneling Nest  
  25  4:12  Drone  
  25  4:13  Zergling x2  
  25  4:14  Zergling x4  
  30  4:29  Lair  
  30  4:30  Drone  
  31  4:31  Drone  
  31  4:32  Drone  
  31  4:35  Zergling x2  
  34  4:42  Drone x2  
  36  4:47  Overlord  
  28  5:13  Drone x3  
  32  5:14  Drone x2  
  32  5:16  Drone  
  32  5:18  Extractor  
  33  5:22  Zergling x6  
  36  5:30  Overlord x2  
  36  5:39  Baneling  
  36  5:40  Baneling, Centrifical Hooks  
  36  5:48  Zergling x2  
  36  5:49  Zergling x6  
  40  5:51  Zergling x2  
  40  5:56  Spine Crawler  
  40  5:58  Drone x2, Spine Crawler  
  40  5:59  Drone  
  40  6:02  Zergling x2  
  43  6:05  Zergling x2  
  43  6:07  Zergling x2  
  43  6:09  Zergling x2  
  46  6:16  Zergling x4  
  48  6:23  Zergling x4  
  39  6:27  Zergling x2  
  38  6:33  Zergling x10  
  38  6:38  Baneling x2  
  38  6:39  Baneling x2  
  41  6:41  Zergling x4  
  28  6:54  Baneling x2  
  22  7:07  Drone x3  
  20  7:17  Spawning Pool  
  20  7:18  Drone  
    8:23  Drone x4  
    8:24  Drone x3  
  7  9:01  Drone  
  8  9:09  Spawning Pool  
Show
View Real Time Build Order
Export as new Build Order

KAMACI Terran 

Build Orders:  

Get SALT Encoding   

  12  0:01  SCV  
  13  0:16  Supply Depot  
  13  0:19  SCV  
  14  0:32  SCV  
  15  0:39  Barracks  
  15  0:51  Barracks  
  15  0:52  SCV  
  16  1:08  Supply Depot  
  16  1:09  SCV  
  17  1:20  Barracks  
  17  1:27  Marine  
  18  1:40  Marine  
  18  1:42  Refinery  
  18  1:47  Barracks  
  19  1:51  Marine  
  20  1:58  SCV  
  21  2:05  Marine  
  21  2:07  Marine  
  23  2:12  Marine  
  24  2:22  Orbital Command  
  24  2:24  Marine  
  24  2:26  Marine  
  26  2:30  Marine  
  27  2:37  Barracks Tech Lab  
  27  2:41  Refinery  
  27  2:42  Marine  
  27  2:44  Marine  
  28  2:48  Marine  
  30  3:00  Marine  
  30  3:02  Marine  
  30  3:14  Marine x2  
  30  3:19  Marine  
  31  3:20  Marine  
  32  3:31  Marine  
  32  3:32  Marine  
  34  3:37  Marine  
  35  3:43  Marine  
  36  3:49  Marine x2  
  36  3:55  Marine  
  37  4:01  Marine  
  38  4:07  Marine  
  33  4:18  Command Center  
  33  4:25  Stimpack  
  33  4:30  Factory  
  33  4:32  Marine  
  33  4:34  Marine  
  35  4:49  Marauder  
  37  5:21  Marine x2  
  37  5:23  Factory Tech Lab  
  37  5:25  Supply Depot  
  39  5:29  Marine x2  
  41  5:43  Marine  
  41  5:48  Siege Tank  
  45  5:51  SCV  
  45  5:55  Refinery, SCV  
  47  6:03  SCV  
  48  6:05  Starport  
  48  6:07  SCV  
  49  6:15  SCV  
  50  6:20  SCV  
  50  6:22  Marine x2  
  43  6:27  SCV  
  43  6:32  SCV  
  45  6:39  SCV  
  32  6:44  SCV, Marine x4  
  32  6:46  Starport Reactor  
  37  6:50  Siege Tank  
  32  7:23  Marine x4  
  32  7:28  Medivac  
  32  7:29  Medivac  
  39  7:37  Siege Tank  
  39  7:41  Marine x3  
  45  7:51  Marine  
  46  7:59  Marine x3  
  46  8:02  SCV  
  46  8:03  SCV  
  49  8:15  SCV x2  
  48  8:27  SCV  
  42  8:29  Siege Tank  
  43  8:37  Medivac x2  
  44  8:44  SCV x2  
  43  8:51  Refinery  
  40  8:56  SCV x2  
Show
View Real Time Build Order
Export as new Build Order

qqq Zerg - Winner!

Build Orders: 3 Hatch before Pool 

Get SALT Encoding   

  12  0:03  Drone  
  13  0:13  Drone  
  14  0:59  Hatchery  
  13  1:10  Hatchery  
  12  1:11  Overlord  
  12  1:13  Drone  
  12  1:17  Drone  
  14  1:35  Spawning Pool  
  14  1:38  Extractor  
  12  1:49  Drone x2  
  12  1:50  Drone  
  15  2:03  Drone  
  16  2:22  Queen  
  18  2:23  Zergling x4  
  18  2:25  Drone x2  
  18  2:29  Drone  
  23  2:40  Baneling Nest  
  23  2:41  Zergling x2  
  23  2:46  Drone  
  24  2:57  Drone x3  
  27  2:59  Zergling x2  
  27  3:03  Zergling x2  
  29  3:16  Zergling x4  
  29  3:18  Spine Crawler  
  29  3:19  Drone  
  31  3:24  Metabolic Boost  
  31  3:32  Baneling  
  31  3:40  Zergling x8  
  29  3:42  Drone  
  29  3:43  Zergling x2  
  22  3:50  Drone  
  22  3:55  Zergling x2  
  16  4:08  Drone x2  
  17  4:14  Drone  
  17  4:15  Drone  
  17  4:20  Drone  
  18  4:30  Drone  
  19  4:33  Zergling x2  
  19  4:34  Zergling x2  
  21  4:40  Baneling x3  
  21  4:41  Baneling  
  21  4:46  Drone  
  21  4:48  Drone  
  22  5:02  Drone  
  22  5:03  Drone  
  22  5:05  Spine Crawler  
  23  5:12  Drone x2  
  23  5:14  Overlord  
  25  5:27  Overlord x2  
  25  5:39  Zergling x2  
  25  5:40  Drone x3  
  29  5:43  Zergling x2  
  29  5:48  Baneling x2  
  29  5:49  Baneling  
  30  5:53  Baneling  
  30  5:58  Drone x3  
  30  5:59  Drone  
  31  6:31  Zergling x6  
  31  6:32  Zergling x12  
  37  6:42  Queen  
  37  6:46  Drone, Zergling x2  
  41  6:48  Zergling x2  
  41  6:49  Spine Crawler  
  41  7:00  Zergling x2  
  42  7:02  Zergling x2  
  42  7:03  Zergling x2  
  42  7:07  Hatchery  
  42  7:26  Zergling x4  
  42  7:27  Zergling x2  
  42  7:28  Drone x4  
  49  7:32  Overlord x2  
  49  7:44  Drone  
  43  7:57  Drone, Zergling x6  
  43  7:58  Zergling x2  
  48  8:08  Drone  
  48  8:09  Zergling x4  
  48  8:29  Zergling x2  
  48  8:30  Zergling x10  
  48  8:33  Drone x3  
  56  8:54  Zergling x12  
  56  8:55  Zergling x4  
Show
View Real Time Build Order
Export as new Build Order

Massa Terran - Winner!

Build Orders:  

Get SALT Encoding   

  12  0:11  Supply Depot  
  12  0:13  SCV  
  13  0:25  SCV  
  14  0:34  Barracks  
  14  0:37  SCV  
  15  0:48  Supply Depot  
  15  0:51  SCV  
  16  1:03  SCV  
  17  1:15  SCV  
  18  1:27  SCV  
  19  1:39  Barracks  
  19  1:42  Barracks  
  19  1:46  Barracks  
  19  1:49  Marine  
  20  2:00  Orbital Command  
  19  2:04  Refinery  
  19  2:06  Marine  
  20  2:24  Marine  
  20  2:27  Marine  
  22  2:31  Marine  
  22  2:33  Marine  
  24  2:41  SCV  
  24  2:42  Marine  
  26  2:45  Marine  
  26  2:49  Marine  
  26  2:51  Marine  
  28  2:53  SCV  
  30  3:00  Marine  
  31  3:12  Marine  
  31  3:19  Factory  
  31  3:24  Supply Depot  
  31  3:45  Marine x4  
  35  4:03  Marine x4  
  39  4:15  Factory Tech Lab  
  39  4:27  Command Center  
  39  4:29  Supply Depot  
  39  4:35  Marine x4  
  43  4:51  Supply Depot  
  43  4:53  Marine x2  
  45  5:03  Siege Tank  
  45  5:06  Marine  
  49  5:07  Marine  
  49  5:11  SCV, Marine x2  
  53  5:24  Marine  
  53  5:25  Marine  
  53  5:27  SCV  
  56  5:29  Marine  
  56  5:35  Siege Tank  
  60  5:39  SCV  
  61  5:47  Engineering Bay  
  61  5:51  SCV  
  57  6:41  Marine  
  57  6:42  Marine x3  
  61  6:59  Marine  
  61  7:00  Marine x3  
  36  7:26  Marine x4  
  36  7:29  Siege Tank  
  43  7:33  SCV  
  43  7:35  SCV  
  45  7:44  Marine x4  
  43  7:45  SCV  
  43  7:48  SCV, Missile Turret  
  49  7:57  SCV  
  50  8:00  SCV  
  50  8:01  Siege Tank  
  50  8:02  Marine x4  
  58  8:07  Barracks  
  58  8:09  SCV  
  58  8:12  SCV  
  60  8:19  Marine  
  57  8:20  Marine x3  
  61  8:37  Marine  
  61  8:38  Marine x3  
  65  8:55  Marine x2  
  65  8:56  Marine x2  
  65  9:02  Command Center  
Tags
 
Add a new tag
Caveats
  • Supply blocks, unpowered buildings, or Contaminate may cause inaccurate times.
  • Supply counts are checked every 10 seconds.